 Dungeon Crawl Stone Soup version 0.28-a0-793-g31680bbd8b (console) character file.

Game seed: 5752635501058326040

1484 jejorda2 the Cudgeller (level 8, -5/64 HPs)
             Began as a Demonspawn Fighter on Nov 3, 2021.
             Was an Initiate of Okawaru.
             Killed by divine providence
             ... invoked by an orc priest
              (13 damage)
             ... on level 6 of the Dungeon.
             The game lasted 00:14:37 (5756 turns).

jejorda2 the Cudgeller (Demonspawn Fighter)         Turns: 5756, Time: 00:14:39

Health: -5/64      AC: 11    Str: 20    XL:     8   Next: 50%
Magic:  9/9        EV:  7    Int:  9    God:    Okawaru [......]
Gold:   216        SH:  5    Dex: 12    Spells: 7/7 levels left

rFire   . . .      SeeInvis .   a - +1 flail (vorpal)
rCold   . . .      Faith    .   c - +0 buckler
rNeg    . . .      Spirit   .   s - +0 chain mail
rPois   +          Reflect  .   (helmet restricted)
rElec   .          Harm     .   (no cloak)
rCorr   .          Rampage  .   (no gloves)
Will    .....                   r - +0 pair of boots
Stlth   ..........              x - amulet of the acrobat
HPRegen 0.20/turn               B - ring of poison resistance
MPRegen 0.11/turn               (no ring)

@: attractive
A: horns 1, powered by death 1, demonic magic 1
a: Renounce Religion


You were on level 6 of the Dungeon.
You worshipped Okawaru.
Okawaru was noncommittal.
You visited 2 branches of the dungeon, and saw 7 of its levels.
You also visited: Sewer.

You collected 216 gold pieces.

Inventory:

Hand Weapons
 a - a +1 vorpal flail (weapon)
 o - a +0 flail
Missiles
 e - 96 stones
 k - 3 boomerangs
 p - 51 poisoned darts (quivered)
Armour
 c - a +0 buckler (worn)
 r - a +0 pair of boots (worn)
 s - a +0 chain mail (worn)
Jewellery
 x - an amulet of the acrobat (around neck)
 B - a ring of poison resistance (left hand)
Wands
 d - a wand of flame (17)
 w - a wand of iceblast (2)
Scrolls
 b - 4 scrolls of fear
 g - 2 scrolls of teleportation
Potions
 f - a potion of attraction
 h - 2 potions of curing {unknown}
 i - 4 potions of haste
 j - 3 potions of cancellation {unknown}
 l - a potion of experience {unknown}
 m - 2 potions of brilliance {unknown}
 n - a potion of magic {unknown}
 q - a potion of degeneration {unknown}
 t - 2 potions of heal wounds {unknown}
 A - 3 potions of resistance


   Skills:
 + Level 5.7 Fighting
 * Level 6.6 Maces & Flails
 + Level 5.2 Armour
 - Level 4.0 Shields
 + Level 2.3 Invocations


You had 7 spell levels left.
You didn't know any spells.
Your spell library contained the following spells:

 Spells                   Type           Power      Damage    Failure   Level
 Blink                    Tloc           0%         N/A       99%         2
 Static Discharge         Conj/Air       0%         N/A       99%         2
 Lesser Beckoning         Tloc           0%         N/A       100%        3
 Passage of Golubria      Tloc           0%         N/A       100%        4
 Lightning Bolt           Conj/Air       0%         1d11      100%        5
 Manifold Assault         Tloc           0%         N/A       100%        5
 Silence                  Hex/Air        0%         N/A       100%        5
 Lehudib's Crystal Spear  Conj/Erth      0%         10d2      100%        8
 Maxwell's Capacitive Co  Air            0%         ∞         100%        8
 Summon Small Mammal      Summ           Unusable   N/A       N/A         1
 Call Canine Familiar     Summ           Unusable   N/A       N/A         3
 Summon Guardian Golem    Hex/Summ       Unusable   N/A       N/A         3
 Summon Forest            Summ/Tloc      Unusable   N/A       N/A         5
 Summon Mana Viper        Hex/Summ       Unusable   N/A       N/A         5
 Summon Cactus Giant      Summ           Unusable   N/A       N/A         6

Dungeon Overview and Level Annotations

Branches:
Dungeon (6/15)             Temple (1/1) D:5           Sewer (visited)

Altars:
Ashenzari
Cheibriados
Fedhas
Gozag
Makhleb
Nemelex Xobeh
Okawaru
Sif Muna
Uskayaw
Vehumet
Wu Jian
Xom
Yredelemnul
Zin
The Shining One


Innate Abilities, Weirdness & Mutations

You have a pair of small horns on your head.
You regenerate a little health from kills.
Spells you cast may paralyse adjacent enemies.


Message History

The orc warrior is heavily wounded.
You block the orc warrior's attack.
You closely miss the orc warrior.
The orc warrior is heavily wounded.
The orc warrior hits you but does no damage.
You closely miss the orc warrior.
The orc warrior is heavily wounded.
The orc warrior hits you with a +0 battleaxe!
You hit the orc warrior.
The orc warrior is heavily wounded.
The orc warrior closely misses you.
You barely miss the orc warrior. You headbutt the orc warrior.
The orc warrior is severely wounded.
The orc warrior barely misses you.
The orc priest looks encouraged for a moment.
You barely miss the orc warrior.
The orc warrior is severely wounded.
The orc warrior hits you with a +0 battleaxe!
The orc priest calls upon Beogh to heal the orc warrior.
The orc warrior is healed somewhat.
The orc priest calls upon Beogh to heal the orc warrior.
The orc warrior is healed somewhat.
You barely miss the orc warrior. You headbutt the orc warrior.
The orc warrior is moderately wounded.
The orc warrior barely misses you.
The orc priest calls down the wrath of Beogh upon you.
Beogh smites you!
You barely miss the orc warrior.
The orc warrior is moderately wounded.
The orc warrior hits you with a +0 battleaxe.
The orc warrior completely misses you.
You hit the orc warrior.
The orc warrior is heavily wounded.
The orc warrior hits you with a +0 battleaxe!!
* * * LOW HITPOINT WARNING * * *
It was a potion of attraction.
You feel attractive to monsters.
The orc priest mumbles some strange prayers to Beogh against you.
Beogh smites you!
You die...

#.........#.#*,*
#≈#.......#.#*,*
#≈#...###.#.#*,*
#≈#.........#*,#
#≈#.#.#.....##.#
#≈#...#.#...##.#
#≈#...#..#..##.###
#≈#..............#
#.#...#........#@#
#≈#...#...o..###o#
###...#....#o..oo#
,,#..,#o##########***
**#...)........,,,,,*
.....##.#######****,*
....,,#.# *,*
...**,### *** ..,**,*
*******


You could see an orc warrior and 2 orc priests.

Vanquished Creatures
  A troll (D:5)
  A shadow (D:6)
  Eustachio (D:5)
  An ice beast (D:5)
  A necrophage (D:5)
  A centaur (D:5)
  2 scorpions (D:5)
  A water moccasin skeleton (D:5)
  A howler monkey (D:5)
  A bullfrog zombie (D:4)
  2 jellies
  2 orc priests
  Terence (D:2)
  An orc wizard (D:4)
  5 iguanas
  2 hound skeletons (D:5)
  A river rat (Sewer)
  4 adders
  2 ufetubi
  2 worms
  A dart slug (D:1)
  13 orcs
  8 ball pythons
  4 endoplasms
  4 giant cockroaches
  5 goblins
  3 hobgoblins
  4 quokkas
  8 bats
  12 frilled lizards
  4 kobolds
  11 rats
110 creatures vanquished.

Notes
Turn   | Place    | Note
-------+----------+-------------------------------------------
     0 | D:1      | jejorda2 the Demonspawn Fighter began the quest for the
                  | Orb.
     0 | D:1      | Reached XP level 1. HP: 18/18 MP: 1/1
   248 | D:1      | Gained mutation: You have a pair of small horns on your
                  | head. [demonic ancestry]
   248 | D:1      | Reached XP level 2. HP: 24/24 MP: 2/2
   918 | D:2      | Found a shimmering altar of Xom.
  1097 | D:2      | Reached XP level 3. HP: 28/29 MP: 3/3
  1341 | D:2      | Noticed Terence
  1346 | D:2      | Killed Terence
  1347 | D:2      | Reached skill level 2 in Maces & Flails
  1629 | D:2      | Reached XP level 4. HP: 34/35 MP: 4/4
  2327 | D:3      | Found an opulent altar of Gozag.
  2682 | D:4      | Gained mutation: You regenerate a little health from kills.
                  | [demonic ancestry]
  2682 | D:4      | Reached XP level 5. HP: 41/41 MP: 5/5
  2862 | D:4      | Reached skill level 3 in Maces & Flails
  3470 | D:4      | Reached XP level 6. HP: 47/48 MP: 6/6
  3886 | D:5      | Entered Level 5 of the Dungeon
  3906 | D:5      | Reached skill level 4 in Maces & Flails
  3931 | D:5      | Noticed Eustachio
  3981 | D:5      | Killed Eustachio
  3982 | D:5      | Gained mutation: Spells you cast may paralyse adjacent
                  | enemies. [demonic ancestry]
  3982 | D:5      | Reached XP level 7. HP: 14/55 MP: 7/7
  4292 | D:5      | Reached skill level 5 in Maces & Flails
  4596 | D:5      | Noticed a troll
  4612 | D:5      | Killed a troll
  4613 | D:5      | Reached skill level 5 in Fighting
  4613 | D:5      | Reached XP level 8. HP: 36/62 MP: 8/8
  4802 | D:5      | Found a staircase to the Ecumenical Temple.
  4823 | D:5      | Reached skill level 6 in Maces & Flails
  4825 | Temple   | Entered the Ecumenical Temple
  4968 | Temple   | Became a worshipper of Warmaster Okawaru
  5119 | D:5      | Reached skill level 5 in Armour
  5119 | D:5      | Reached skill level 1 in Invocations
  5311 | D:6      | Found a glowing drain.
  5320 | Sewer    | Entered a sewer
  5756 | D:6      | Killed from afar by an orc priest

Illustrated notes

Levels and vault maps discovered:
D:1:      minmay_arrival_arboretum_small, layout_loops_corners
D:2:      layout_basic, basic_altar, uniq_terence
D:3:      layout_basic, gammafunk_temple_overflow_elements
D:4:      layout_basic, hangedman_decor_push
D:5:      layout_rooms, minmay_temple_entry_hall, uniq_eustachio
D:6:      layout_basic, xom_teletrap_fun, portal_sewer_entry_d,
          ebering_ghost_sewer_f, kennysheep_generic_room_2
Temple:   regret_index_temple_sphere_string

Skill      XL: |  1  2  3  4  5  6  7  8 |
---------------+-------------------------+-----
Shields        | 3 4 |  4.0
Maces & Flails | 2 3 4 5 6 |  6.6
Armour         | 3 4 5 |  5.2
Fighting       | 4 5 |  5.7
Invocations    | 2 |  2.3

Action                   |  1- 3 |  4- 6 |  7- 9 || total
-------------------------+-------+-------+-------++-------
Melee: Flail             |    88 |   134 |   142 ||   364
       Headbutt          |     9 |    17 |    20 ||    46
Throw: Dart              |       |    21 |     7 ||    28
       Stone             |       |     5 |       ||     5
Evoke: Wand              |       |       |     3 ||     3
  Use: Potion            |     1 |     1 |     1 ||     3
       Scroll            |       |       |     8 ||     8
Armor: Scale mail        |    35 |     7 |       ||    42
       Chain mail        |       |    64 |    60 ||   124
Dodge: Dodged            |    40 |    72 |    49 ||   161
Block: Buckler           |    18 |    34 |    23 ||    75

Table legend: (Time is in decaauts)
 A = Elapsed time spent in this place.
 B = Non-inter-level travel time spent in this place.
 C = Inter-level travel time spent in this place.
 D = Time resting spent in this place.
 E = Time spent auto-exploring this place.
 F = Levels seen in this place.
 G = Mean time per level.
                   A        B        C        D        E       F      G
               +--------+--------+--------+--------+--------+-----+--------+
         Total |   5876 |   5712 |    164 |     62 |   4616 |   8 |  734.5 |
       Dungeon |   5289 |   5138 |    151 |     29 |   4243 |   6 |  881.5 |
        Temple |    153 |    140 |     13 |      0 |    130 |   1 |  153.0 |
         Sewer |    432 |    432 |      0 |     33 |    243 |   1 |  432.0 |
               +--------+--------+--------+--------+--------+-----+--------+

Top non-repeatable levels by time:
     D:4: 1394 daAuts
     D:5: 1225 daAuts
     D:1: 912 daAuts
     D:3: 860 daAuts
     D:2: 769 daAuts
   Sewer: 432 daAuts
  Temple: 153 daAuts
     D:6: 127 daAuts
